 Dungeon Crawl Stone Soup version 0.19.0-18-g426998a (webtiles) character file.

123 esc the Skirmisher (level 4, 0/41 HPs)
             Began as a Minotaur Chaos Knight on Nov 11, 2016.
             Killed from afar by an orc wizard (9 damage)
             ... with a puff of frost
             ... on level 3 of the Dungeon.
             The game lasted 00:03:23 (1617 turns).

esc the Skirmisher (Minotaur Chaos Knight)          Turns: 1617, Time: 00:03:27

Health: 0/41       AC:  7    Str: 17    XL:     4   Next: 80%
Magic:  3/3        EV: 12    Int:  9    God:    Xom [....*.]
Gold:   76         SH:  0    Dex: 10    Spells: 1 memorised, 2 levels left

rFire  . . .     SeeInvis .     a - +0 falchion (chaos)
rCold  . . .     Gourm    .     b - +2 leather armour
rNeg   . . .     Faith    .     (no shield)
rPois  .         Spirit   .     (helmet restricted)
rElec  .         Reflect  .     (no cloak)
rCorr  .         Harm     .     (no gloves)
MR     .....                    (no boots)
Stlth  +.........               (no amulet)
                                (no ring)
                                (no ring)

@: cleaving
A: retaliatory headbutt, horns 2, iridescent scales 1
a: Renounce Religion


You were on level 3 of the Dungeon.
You worshipped Xom.
You were a beloved toy of Xom.
You were not hungry.

You visited 1 branch of the dungeon, and saw 3 of its levels.

You collected 76 gold pieces.

Inventory:

Hand Weapons
 a - a +0 falchion of chaos (weapon)
Missiles
 o - 20 bolts
Armour
 b - a +2 leather armour (worn)
 f - a +0 buckler
   (You found it on level 1 of the Dungeon)
Scrolls
 e - 4 scrolls of identify {unknown}
 g - 3 scrolls of enchant weapon {unknown}
 i - a scroll of remove curse {unknown}
 k - a scroll of fear {unknown}
 l - 2 scrolls of blinking {unknown}
 m - a scroll of fog {unknown}
 p - 2 scrolls of immolation {unknown}
 s - a scroll of recharging {unknown}
 t - a scroll of random uselessness {unknown}
Potions
 d - a potion of curing {unknown}
 j - a potion of brilliance {unknown}
 r - 2 potions of resistance {unknown}
Books
 q - a book of Party Tricks
   (Xom gifted it to you on level 2 of the Dungeon)
Miscellaneous
 u - a disc of storms
   (Xom gifted it to you on level 2 of the Dungeon)
Comestibles
 c - 2 bread rations {@e1}
 h - a meat ration {@e2}
 n - 2 beef jerkies
 v - a chunk of flesh {@w0}


   Skills:
 + Level 4.6 Fighting
 + Level 4.4 Long Blades
 + Level 3.8 Armour
 + Level 2.5 Dodging


You had 2 spell levels left.
You knew the following spells:

 Your Spells              Type           Power        Failure   Level  Hunger
g - Apportation           Tloc           #.........   50%         1    ##.....


Dungeon Overview and Level Annotations

Branches:
Dungeon (3/15)

Altars:
Xom


Innate Abilities, Weirdness & Mutations

You reflexively headbutt those who attack you in melee.
You have a pair of horns on your head.
You are partially covered in iridescent scales. (AC +2)


Message History

a chunk of flesh {@w0}; an adder skeleton
There are monsters nearby!
The bat hits you but does no damage.
You see here a scroll labeled ECIXIRINKA.
You hit the bat. Your headbutt misses the bat. The bat misses you.
You riposte.
You hit the bat. You drain the bat!
You kill the bat!
You closely miss the ball python.
The ball python bites you but does no damage.
The ball python misses you.
An orc comes into view. It is wielding a falchion.
You closely miss the ball python.
The orc shouts!
You headbutt the ball python, but do no damage.
The ball python bites you but does no damage.
The ball python barely misses you.
Your leather armour prevents you from hitting the ball python.
You headbutt the ball python.
You kill the ball python!
The frilled lizard unfolds its giant frill.
The orc misses you.
You riposte.
You hit the orc.
The orc is poisoned.
The frilled lizard closely misses you.
You riposte.
You barely miss the frilled lizard.
A hobgoblin comes into view. It is wielding a club.
You closely miss the orc.
The frilled lizard completely misses you.
You riposte.
You barely miss the frilled lizard. The orc closely misses you.
You furiously retaliate!
You headbutt the orc.
You kill the orc!
You hit the frilled lizard.
You kill the frilled lizard!
The goblin hits you but does no damage.
An orc priest comes into view. It is wielding a flail.
The orc priest shouts!
You hit the goblin.
You kill the goblin!
An orc comes into view. It is wielding a whip of electrocution.
The orc shouts!
You hit the orc. You burn the orc.
You kill the orc!
An orc and an orc wizard come into view.
The orc wizard shouts!
The orc wizard moves out of view.
Things that are here:
a falchion; a frilled lizard corpse Xom grants you a minor favour.
Your +0 falchion of chaos looks sharp.
The hobgoblin barely misses you.
You riposte.
You barely miss the hobgoblin.
Things that are here:
a chunk of flesh {@w0}; an adder skeleton
Okay, then.
You hit the orc priest. You burn the orc priest. You hit the hobgoblin.
The hobgoblin disappears!
The orc wizard gestures wildly while chanting.
The orc wizard flickers and vanishes!
Deactivating autopickup; reactivate with Ctrl-A.
The orc priest invokes the aid of Beogh against you.
Pain shoots through your body!
You take 11 damage, and have 30/41 hp.
MASSIVE DAMAGE!!
You hit the orc priest.
You kill the orc priest!
You closely miss the orc.
The orc hits you with a whip of electrocution.
You take 4 damage, and have 26/41 hp.
You hit the orc. You headbutt the orc.
The orc hits you with a whip of electrocution.
You are electrocuted!
* * * LOW HITPOINT WARNING * * *
You take 17 damage, and have 9/41 hp.
MASSIVE DAMAGE!!
You hit the orc. You burn the orc.
You kill the orc!
Things that are here:
a dagger of venom; a goblin corpse You hit the orc.
You kill the orc!
You hit the orc but do no damage. You headbutt the orc.
You closely miss something. Something hits you.
* * * LOW HITPOINT WARNING * * *
The orc hits you but does no damage.
You take 1 damage, and have 9/41 hp.
You closely miss the orc. You hit something but do no damage.
You hear some strange, mumbled words.
A magic dart appears from out of thin air!
The magic dart hits you! The orc closely misses you.
You riposte.
You hit the orc.
You kill the orc!
You hit something.
Xom thinks this is hilarious!
Nothing appears to happen.
Something hits you but does no damage. Something hits you but does no damage.
Things that are here:
a falchion; an orc corpse You butcher the orc corpse.
You hear some strange, mumbled words.
A puff of frost appears from out of thin air!
The puff of frost hits you!
You die... "Boring in life, boring in death..."

#.....#... ... #
#....#.# #.#
...#####.)...###..#
..........).[....#
#..###<..##.....##
###...#>....## .
###.....#..###...
.......[.)........
..###.###?)@.#.?...
#.. #.){)......
...# ####).>..?.
...# ..>.... ...
#...... ......
...... ...... .....


There were no monsters in sight!

Vanquished Creatures
  An orc priest (D:3)
  4 adders
  6 orcs (D:3)
  5 bats
  2 giant cockroaches
  8 goblins
  2 hobgoblins (D:2)
  6 jackals
  2 ball pythons
  4 frilled lizards
  7 kobolds
  7 rats
54 creatures vanquished.

Vanquished Creatures (others)
  A hobgoblin (D:2)
1 creature vanquished.

Grand Total: 55 creatures vanquished

Notes
Turn   | Place    | Note
-------+----------+-------------------------------------------
     0 | D:1      | esc the Minotaur Chaos Knight began the quest for the Orb.
     0 | D:1      | Reached XP level 1. HP: 19/19 MP: 0/0
    18 | D:1      | XOM: harmless Air miscast
    87 | D:1      | XOM: summons 1 friendly demon
   134 | D:1      | Reached XP level 2. HP: 27/27 MP: 1/1
   283 | D:1      | XOM: god gift: 20 bolts
   417 | D:1      | Reached skill level 3 in Armour
   675 | D:2      | Reached skill level 4 in Fighting
   675 | D:2      | Reached skill level 4 in Long Blades
   675 | D:2      | Reached XP level 3. HP: 22/33 MP: 2/2
   738 | D:2      | XOM: scenery: create altars
   831 | D:2      | XOM: 4-stop teleportation journey
   853 | D:2      | Reached skill level 2 in Dodging
  1189 | D:2      | XOM: give mutation
  1189 | D:2      | Gained mutation: You are partially covered in iridescent scales. (AC +2) [Xom's grace]
  1341 | D:2      | XOM: scenery: create altars
  1356 | D:2      | XOM: god gift: book of Party Tricks
  1379 | D:2      | Learned a level 1 spell: Apportation
  1421 | D:2      | XOM: god gift: disc of storms
  1575 | D:3      | Reached XP level 4. HP: 41/41 MP: 3/3
  1605 | D:3      | XOM: cleaving
  1608 | D:3      | HP: 9/41 [orc/whip of electrocution (13)]
  1614 | D:3      | HP: 9/41 [something (1)]
  1617 | D:3      | Killed from afar by an orc wizard

Skill      XL: |  1  2  3 |
---------------+----------+-----
Armour         | 3 |  3.8
Fighting       | 4 |  4.6
Long Blades    | 4 |  4.4
Dodging        | 2 |  2.5

Action                   |  1- 3 |  4- 6 || total
-------------------------+-------+-------++-------
Melee: Falchion          |    92 |    20 ||   112
       Headbutt          |     8 |     5 ||    13
  Eat: Chunk             |     2 |       ||     2
Armor: Leather armour    |    40 |     7 ||    47
Dodge: Dodged            |    64 |    13 ||    77
       Rpst.: Falchion   |    15 |     8 ||    23

Vault maps used:
D:1:      ncdulo_smallfort
D:2:      first_bread

Table legend:
 A = Turns spent in this place as a percentage of turns spent in the entire game.
 B = Non-inter-level travel turns spent in this place as a percentage of non-inter-level travel turns spent in the entire game.
 C = Inter-level travel turns spent in this place as a percentage of turns spent in this place.
 D = Turns resting spent in this place as a percentage of non-inter-level travel turns spent in this place.
 E = Turns spent auto-exploring this place as a percentage of non-inter-level travel turns spent in this place.
 F = Non-inter-level travel turns spent in this place divided by the number of levels of this place that you've seen.
                   A       B       C       D       E      F
               +-------+-------+-------+-------+-------+----------------------
         Total | 100.0 | 100.0 |   0.5 |   0.7 |  14.0 | 136.0
       Dungeon | 100.0 | 100.0 |   0.5 |   0.7 |  14.0 | 136.0
               +-------+-------+-------+-------+-------+----------------------

Table legend:
 A = Kills in this place as a percentage of kills in entire the game.
 B = Kills by you in this place as a percentage of kills by you in the entire game.
 C = Kills by friends in this place as a percentage of kills by friends in the entire game.
 D = Other kills in this place as a percentage of other kills in the entire game.
 E = Experience gained in this place as a percentage of experience gained in the entire game.
 F = Experience gained in this place divided by the number of levels of this place that you have seen.
                   A       B       C       D       E      F
               +-------+-------+-------+-------+-------+----------------------
         Total | 100.0 | 100.0 |  -nan | 100.0 | 100.0 |  59.0
       Dungeon | 100.0 | 100.0 |  -nan | 100.0 | 100.0 |  59.0
               +-------+-------+-------+-------+-------+----------------------
